 Dungeon Crawl Stone Soup version 0.21.1-1-g345015f (webtiles) character file.

119 Larett the Covert (level 5, -2/34 HPs)
             Began as an Octopode Assassin on Mar 24, 2018.
             Slain by rawrhax's ghost (14 damage)
             ... on level 3 of the Dungeon.
             The game lasted 00:04:06 (2379 turns).

Larett the Covert (Octopode Assassin)               Turns: 2379, Time: 00:04:06

Health: -2/34      AC:  1    Str: 11    XL:     5   Next: 3%
Magic:  5/5        EV: 13    Int: 13    God:
Gold:   107        SH:  0    Dex: 14    Spells: 4/4 levels left

rFire    . . .     SeeInvis .   a - +4 quarterstaff (chaos)
rCold    . . .     Gourm    .   (shield currently unavailable)
rNeg     . . .     Faith    .   (helmet restricted)
rPois    .         Spirit   .   (no amulet)
rElec    .         Reflect  .   l - ring of flight
rCorr    .         Harm     .   (no ring)
MR       .....                  (no ring)
Stlth    +++++.....             (no ring)
HPRegen  0.11/turn              (no ring)
MPRegen  0.09/turn              (no ring)
                                (no ring)
                                (no ring)

@: no status effects
A: almost no armour, stealthy swim, amphibious, 8 rings, constrict 8, camouflage
1, gelatinous body 1
a: Evoke Flight


You were on level 3 of the Dungeon.
You were very hungry.

You visited 1 branch of the dungeon, and saw 3 of its levels.

You collected 107 gold pieces.

Inventory:

Hand Weapons
 a - a +4 quarterstaff of chaos (weapon)
 b - a +0 blowgun
 w - a +0 hunting sling
 D - a +2 dagger
Missiles
 c - 22 poisoned needles
 d - 2 curare-tipped needles
 t - 46 stones
 v - 5 tomahawks (quivered)
Jewellery
 l - a ring of flight (left tentacle)
Scrolls
 u - 5 scrolls of identify {unknown}
 x - a scroll of immolation {unknown}
 y - a scroll of noise {unknown}
 z - a scroll of remove curse {unknown}
 A - 2 scrolls of magic mapping {unknown}
 B - a scroll of enchant weapon {unknown}
Potions
 r - a potion of flight {unknown}
 s - a potion of ambrosia {unknown}
 C - a potion of curing {unknown}
Comestibles
 f - 3 rations
 E - a chunk of flesh


   Skills:
 - Level 2.0 Fighting
 - Level 2.0 Short Blades
 - Level 2.0 Throwing
 - Level 1.0 Dodging
 + Level 8.6 Stealth


You had 4 spell levels left.
You didn't know any spells.

Dungeon Overview and Level Annotations

Branches:
Dungeon (3/15)

Altars:

Annotations:
D:3 rawrhax's ghost, amateur GrBe


Innate Abilities, Weirdness & Mutations

You cannot wear most types of armour.
You are very stealthy in the water. (Stealth+)
You are amphibious.
You can wear up to eight rings at the same time.
You can use your tentacles to constrict eight enemies at once.
Your skin changes colour to match your surroundings (Stealth+).
Your rubbery body absorbs attacks. (AC +1, EV +1)


Message History

You butcher the frilled lizard corpse.
E - a chunk of flesh You see here a frilled lizard skeleton.
Rawrhax's ghost turns its malevolent gaze towards you.
There is a stone staircase leading up here.
Press: ? - help, v - describe, . - travel
Here: rawrhax's ghost The floor.
Rawrhax's ghost yells, "Who would have thought, even in death it is a pleasure to sever!"
Rawrhax's ghost closely misses you.
You hit rawrhax's ghost but do no damage.
Rawrhax's ghost looks momentarily listless.
Rawrhax's ghost hits you! Rawrhax's ghost barely misses you.
You hit rawrhax's ghost but do no damage.
Rawrhax's ghost hits you!
You barely miss rawrhax's ghost. Rawrhax's ghost misses you.
You hit rawrhax's ghost. You burn rawrhax's ghost.
Rawrhax's ghost is lightly damaged.
Rawrhax's ghost hits you!
You die...

# #. #. #.#
#..
.####..######
......W@..<.#
###########.#
#.# #รท# #.#
#.# #.# #.#
#.#


You could see rawrhax's ghost.

Vanquished Creatures
  Crazy Yiuf (D:2)
  4 adders (D:2)
  A worm (D:2)
  2 leopard geckos (D:1)
  A ball python (D:2)
  7 bats
  2 giant cockroaches (D:1)
  8 goblins
  9 hobgoblins
  5 kobolds (D:2)
  A frilled lizard (D:3)
  9 rats
50 creatures vanquished.

Notes
Turn   | Place    | Note
-------+----------+-------------------------------------------
     0 | D:1      | Larett the Octopode Assassin began the quest for the Orb.
     0 | D:1      | Reached XP level 1. HP: 14/14 MP: 1/1
   178 | D:1      | Reached skill level 6 in Stealth
   178 | D:1      | Reached XP level 2. HP: 14/19 MP: 2/2
   624 | D:1      | Reached XP level 3. HP: 14/24 MP: 3/3
  1030 | D:2      | Reached skill level 7 in Stealth
  1115 | D:2      | Reached XP level 4. HP: 11/29 MP: 4/4
  1387 | D:2      | HP: 4/29 [poisoned by an adder]
  1393 | D:2      | HP: 3/29 [poisoned by an adder]
  1401 | D:2      | HP: 2/29 [poisoned by an adder]
  1857 | D:2      | Reached skill level 8 in Stealth
  2038 | D:2      | Found a runed door.
  2042 | D:2      | Noticed Crazy Yiuf
  2047 | D:2      | Killed Crazy Yiuf
  2047 | D:2      | Reached XP level 5. HP: 34/34 MP: 5/5
  2362 | D:3      | Noticed rawrhax's ghost (amateur GrBe)
  2379 | D:3      | Slain by rawrhax's ghost

Skill      XL: |  1  2  3  4 |
---------------+-------------+-----
Stealth        | 6 7 8 |  8.6
Fighting       | |  2.0
Short Blades   | |  2.0
Throwing       | |  2.0
Dodging        | |  1.0

Action                   |  1- 3 |  4- 6 || total
-------------------------+-------+-------++-------
Melee: Dagger            |    82 |    26 ||   108
       Constrict         |    18 |     5 ||    23
       Tentacles         |    16 |     4 ||    20
       Quarterstaff      |       |     5 ||     5
 Fire: Blowgun           |     1 |       ||     1
 Stab: Sleeping          |     8 |     3 ||    11
  Eat: Chunk             |       |     3 ||     3
Armor: Skin              |     4 |     2 ||     6
Dodge: Dodged            |    54 |    13 ||    67
